 Dungeon Crawl Stone Soup version 0.19-a0-1608-g4cf22de (webtiles) character file.

10 jacquesderrida the Charmwright (level 2, 0/15 HPs)
             Began as a Vine Stalker Skald on Sept 17, 2016.
             Succumbed to an adder's poison
             ... on level 3 of the Dungeon.
             The game lasted 00:00:54 (197 turns).

jacquesderrida the Charmwright (Vine Stalker Skald)  Turns: 197, Time: 00:00:55

Health: 0/15       AC:  4    Str: 12 (14) XL:     2   Next: 20%
Magic:  3/6        EV: 11    Int: 10 (12) God:
Gold:   11         SH:  0    Dex: 12 (13) Spells: 1 memorised, 4 levels left

rFire  . . .     SeeInvis .     k - +0 long sword
rCold  . . .     Gourm    .     b - +0 leather armour
rNeg   . . .     Faith    .     (no shield)
rPois  .         Spirit   +     (no helmet)
rElec  .         Dismiss  .     (no cloak)
rCorr  .         Reflect  .     (no gloves)
MR     .....     Harm     .     f - +0 pair of boots
Stlth  +.........               (no amulet)
                                (no ring)
                                (no ring)

@: lethally poisoned (0 -> -7)
A: fangs 2, magic shield, antimagic bite, no device heal 3, rot immunity
a: no special abilities


You were on level 3 of the Dungeon.
You were not hungry.

You visited 1 branch of the dungeon, and saw 3 of its levels.

You collected 11 gold pieces.

Inventory:

Hand Weapons
 a - a +0 falchion
 k - a +0 long sword (weapon)
Armour
 b - a +0 leather armour (worn)
 f - a +0 pair of boots (worn)
Scrolls
 e - a scroll of blinking {unknown}
 g - a scroll of teleportation {unknown}
 h - a scroll of magic mapping {unknown}
 i - a scroll of enchant armour {unknown}
Books
 c - a book of Battle

   Spells                             Type                      Level
   a - Infusion                       Charms                       1
   b - Shroud of Golubria             Charms/Translocation         2
   c - Song of Slaying                Charms                       2
   d - Spectral Weapon                Hexes/Charms                 3
   e - Regeneration                   Charms/Necromancy            3
Comestibles
 d - 2 bread rations
 j - a royal jelly


   Skills:
 - Level 1.7 Fighting
 + Level 2.5 Long Blades
 - Level 0.7 Armour
 - Level 0.7 Dodging
 - Level 2.1 Spellcasting
 - Level 3.0 Charms


You had 4 spell levels left.
You knew the following spells:

 Your Spells              Type           Power        Failure   Level  Hunger
a - Infusion              Chrm           #...         12%         1    ##.....


Dungeon Overview and Level Annotations

Branches:
Dungeon (3/15)

Altars:


Innate Abilities, Weirdness & Mutations

You have extremely sharp teeth.
When hurt, damage is shared between your health and your magic reserves.
Your bite disrupts and absorbs the magic of your enemies.
Potions and wands cannot restore your health.
You are immune to rotting.


Message History

The adder hisses angrily.
You hit the adder but do no damage. Your bite misses the adder.
The adder bites you but does no damage. The adder bites you.
You closely miss the adder. The adder bites you. x2
You hit the adder but do no damage. The adder bites you.
* * * LOW HITPOINT WARNING * * *
You hit the adder but do no damage. The adder barely misses you. x2
You riposte.
You miss the adder. Your bite misses the adder.
Unknown command.
It was a potion of degeneration.
There was something very wrong with that liquid.
You feel weakened.
You feel dopey.
You feel clumsy. The adder bites you.
* * * LOW HITPOINT WARNING * * *
You are lethally poisoned!
The adder poisons you!
You barely miss the adder. You bite the adder. You drain its power.
You feel invigorated.
The adder is lightly wounded.
You die...

### #.. #.# #.? ..
. ..# .. . ### #.#
#. .# ... #S# #. .#
.... #@# #.##.#
#... #.# ....#
#..##.######...#..#
#...#............#
#.)..######..###
#..>## ##..##
#....### #.....
#..#...###..##.#
.....###†.....# ...


You could see an adder.

Vanquished Creatures
  An ooze (D:3)
  An orc (D:3)
  A goblin (D:2)
  A frilled lizard (D:3)
  2 rats
6 creatures vanquished.

Notes
Turn   | Place    | Note
-------+----------+-------------------------------------------
     0 | D:1      | jacquesderrida the Vine Stalker Skald began the quest for the Orb.
     0 | D:1      | Reached XP level 1. HP: 11/11 MP: 4/4
   140 | D:3      | Reached XP level 2. HP: 15/15 MP: 6/6
   197 | D:3      | Succumbed to an adder's poison

Vault maps used:
D:1:      tarquinn_simple_flora_water_f
D:2:      nicolae_overflow_crystal_walls, first_bread, roderic_lattice_a,
          minmay_fountain_box

Skill      XL: |  1 |
---------------+----+-----
Long Blades    | 2 |  2.5
Fighting       | |  1.7
Armour         | |  0.7
Dodging        | |  0.7
Spellcasting   | |  2.1
Charms         | |  3.0

Action                   || total
-------------------------++-------
Melee: Falchion          ||    17
       Bite              ||     4
       Long sword        ||     6
  Use: Potion            ||     1
Armor: Leather armour    ||     2
Dodge: Dodged            ||     9
